 Dungeon Crawl Stone Soup version 0.28-a0-938-gbc3f381ebc (webtiles) character file.

Game seed: 5686553804917304853

77 tilp the Chiller (level 4, 0/18 HPs)
             Began as a Felid Ice Elementalist on Nov 28, 2021.
             Killed by nerve-wracking pain
             ... invoked by an orc priest
              (5 damage)
             ... on level 3 of the Dungeon.
             The game lasted 00:05:27 (3790 turns).

tilp the Chiller (Felid Ice Elementalist)           Turns: 3790, Time: 00:05:27

Health: 0/18       AC:  1    Str:  4    XL:     4   Next: 13%
Magic:  7/9        EV: 17    Int: 18    God:
Gold:   155        SH:  0    Dex: 16    Spells: 1/8 levels left
                                        Lives:  0   Deaths: 1

rFire   + . .      SeeInvis +     - Unarmed
rCold   . . .      Faith    .   (shield unavailable)
rNeg    + . .      Spirit   .   (armour unavailable)
rPois   .          Reflect  .   (helmet unavailable)
rElec   .          Harm     .   (cloak unavailable)
rCorr   .          Rampage  .   (gloves unavailable)
Will    .....                   (boots unavailable)
Stlth   +.........              (no amulet)
HPRegen 0.06/turn               d - ring of positive energy
MPRegen 0.11/turn               e - ring of protection from fire

@: very slow
A: very small, claws 1, fangs 3, see invisible, speed 1, shaggy fur 1, stealthy
paws, no weapons or thrown items, no armour, multi-lived
a: no special abilities


You were on level 3 of the Dungeon.
You visited 1 branch of the dungeon, and saw 3 of its levels.

You collected 155 gold pieces.

Inventory:

Jewellery
 d - a ring of positive energy (left paw)
 e - a ring of protection from fire (right paw)
Wands
 a - a wand of iceblast (10)
Scrolls
 h - 3 scrolls of identify
Potions
 b - a potion of magic
 c - a potion of heal wounds {unknown}
 f - 2 potions of lignification {unknown}
 g - 2 potions of curing {unknown}


   Skills:
 - Level 2.6 Dodging
 - Level 2.6 Stealth
 - Level 2.0 Unarmed Combat
 + Level 2.8 Spellcasting
 * Level 5.0 Ice Magic


You had one spell level left.
You knew the following spells:

 Your Spells              Type           Power      Damage    Failure   Level
a - Freeze                Ice            80%        1d9       2%          1
b - Frozen Ramparts       Ice            40%        1d6       6%          3
c - Ozocubu's Armour      Ice            20%        N/A       6%          3

Your spell library contained the following spells:

 Spells                   Type           Power      Damage    Failure   Level
 Hailstorm                Conj/Ice       11%        3d5       52%         4


Dungeon Overview and Level Annotations

Branches:
Dungeon (3/15)

Altars:


Innate Abilities, Weirdness & Mutations

You have sharp claws.
You have razor-sharp teeth.
You have supernaturally acute eyesight. (SInv)
You cover ground quickly. (Speed+)
You are covered in fur. (AC +1)
Your paws help you pounce on unaware monsters.
You are incapable of wielding weapons or throwing items.
You cannot wear armour.
You gain extra lives every three experience levels.


Message History

There is a large open door here.
You see here a bat corpse.
Casting: Freeze (safe; 2% risk of failure)
Confirm with . or Enter, or press ? or * to list all spells.
The spell is quite dangerous to cast (6% risk of failure)!
Continue anyway?
A film of ice covers your body!
Something unseen breaks down the door.
Unknown command.
Casting: Ozocubu's Armour (quite dangerous; 6% risk of failure)
Confirm with . or Enter, or press ? or * to list all spells.
You can't see any susceptible monsters within range! (Use Z to cast anyway.)
Your icy armour cracks and falls away as you move.
There is a large open door here.
Unknown command.
Unknown command.
The orc warrior throws a boomerang.
The boomerang closely misses you.
The orc warrior throws a boomerang.
The boomerang completely misses you.
Things that are here:
a +0 short sword; a +0 short sword; an orc corpse You enter the shallow water.
Moving in this stuff is going to be slow.
The rat closely misses you.
The rat splashes around in the water.
The rat bites you but does no damage. The rat bites you.
The kobold throws a stone.
The stone misses you.
The stone hits the rat.
The orc priest shouts!
The orc priest mumbles some strange prayers to Beogh against you.
Beogh smites you!
Ouch! That really hurt!
* * * LOW HITPOINT WARNING * * *
The kobold throws a stone.
The stone barely misses you.
The orc shouts!
The kobold throws a stone.
The stone closely misses you.
The orc priest looks encouraged for a moment.
Why would you want to do that? Why would you want to do that?
Why would you want to do that?
Unknown command.
The orc priest invokes the aid of Beogh against you.
Pain shoots through your body!
You die...

#####.#≈≈#≈≈≈#
..≈≈...#≈≈≈≈≈≈#
.≈≈≈≈..#≈r≈≈≈≈#
≈≈≈≈≈≈.#K≈≈≈≈≈#
≈≈≈≈≈≈o≈≈≈≈≈≈≈#
#≈≈≈≈≈o≈≈≈o≈≈≈# ≈
#..##≈≈≈≈≈≈≈≈#≈≈≈# oo
.≈#.##≈≈≈≈≈r≈#≈≈≈#
≈≈≈.≈≈≈≈≈≈##≈≈≈≈@##o≈≈#
≈≈≈#≈≈≈#.≈≈##≈≈####≈≈##
#.###.###.≈##≈# ##≈#
...#...#....#######.##
............###..o)##
............'.'....#
............#.'†...#
...†........###....##
...#...#...≈# #####.##


You could see an orc warrior, an orc priest, an orc, a kobold and 2 rats.

Vanquished Creatures
  A hound skeleton (D:3)
  5 adders
  2 worms
  2 dart slugs (D:2)
  5 orcs (D:3)
  4 ball pythons
  5 bats
  3 endoplasms
  2 giant cockroaches
  7 goblins
  4 hobgoblins
  11 jackals
  3 kobolds
  4 quokkas
  5 frilled lizards
  9 rats
72 creatures vanquished.

Vanquished Creatures (others)
  13 plants (D:3)
13 creatures vanquished.

Grand Total: 85 creatures vanquished

Notes
Turn   | Place    | Note
-------+----------+-------------------------------------------
     0 | D:1      | tilp the Felid Ice Elementalist began the quest for the
                  | Orb.
     0 | D:1      | Reached XP level 1. HP: 7/7 MP: 4/4
    66 | D:1      | Reached skill level 1 in Unarmed Combat
   204 | D:1      | Reached XP level 2. HP: 10/11 MP: 3/6
  1034 | D:2      | Reached skill level 4 in Ice Magic
  1090 | D:2      | Reached XP level 3. HP: 10/14 MP: 3/7
  1094 | D:2      | Learned a level 3 spell: Frozen Ramparts
  2016 | D:2      | Reached XP level 4. HP: 18/18 MP: 8/8
  2021 | D:2      | Learned a level 3 spell: Ozocubu's Armour
  3444 | D:3      | Noticed an orc warrior
  3584 | D:3      | Reached XP level 5. HP: 21/21 MP: 6/10
  3588 | D:3      | Hit by a boomerang thrown by an orc warrior
  3589 | D:3      | Reached XP level 4. HP: -3/18 MP: 3/9
  3687 | D:3      | Reached skill level 5 in Ice Magic
  3790 | D:3      | Killed from afar by an orc priest

Illustrated notes

Levels and vault maps discovered:
D:1:      heliophobic_arrival_battle_scene, layout_basic
D:2:      layout_basic
D:3:      wad_lake_hut, layout_basic

Skill      XL: |  1  2  3  4 |
---------------+-------------+-----
Unarmed Combat | 1 2 |  2.0
Ice Magic      | 4 5 |  5.0
Dodging        | |  2.6
Stealth        | |  2.6
Spellcasting   | |  2.8

Action                   |  1- 3 |  4- 6 || total
-------------------------+-------+-------++-------
Melee: Unarmed           |    20 |    25 ||    45
       Bite              |     1 |     3 ||     4
 Cast: Freeze            |    36 |    38 ||    74
       Frozen Ramparts   |     1 |     5 ||     6
       Ozocubu's Armour  |       |     5 ||     5
Evoke: Wand              |       |     1 ||     1
  Use: Scroll            |     4 |     1 ||     5
 Stab: Sleeping          |    11 |     6 ||    17
Armor: Skin              |     2 |     6 ||     8
Dodge: Dodged            |    26 |    57 ||    83

Table legend: (Time is in decaauts)
 A = Elapsed time spent in this place.
 B = Non-inter-level travel time spent in this place.
 C = Inter-level travel time spent in this place.
 D = Time resting spent in this place.
 E = Time spent auto-exploring this place.
 F = Levels seen in this place.
 G = Mean time per level.
                   A        B        C        D        E       F      G
               +--------+--------+--------+--------+--------+-----+--------+
         Total |   3432 |   3337 |     95 |    616 |   2171 |   3 | 1144.0 |
       Dungeon |   3432 |   3337 |     95 |    616 |   2171 |   3 | 1144.0 |
               +--------+--------+--------+--------+--------+-----+--------+

Top non-repeatable levels by time:
     D:2: 1596 daAuts
     D:3: 1013 daAuts
     D:1: 823 daAuts
